 Dungeon Crawl Stone Soup version 0.14-a0-3247-g5fd345f (webtiles) character file.

212 Psiweapon the Bolt Thrower (level 5, -3/29 HPs)
             Began as a Kobold Hunter on Mar 12, 2014.
             Slain by a gnoll
             ... wielding a +0,+0 flail
              (7 damage)
             ... on Level 2 of the Dungeon.
             The game lasted 00:04:10 (1580 turns).

Psiweapon the Bolt Thrower (Kobold Hunter)          Turns: 1580, Time: 00:04:10

HP  -3/29        AC  3     Str 12      XL: 5   Next: 25%
MP   5/5         EV 13     Int  9      God:
Gold 92          SH  0     Dex 16      Spells:  0 memorised,  4 levels left

rFire  . . .     SeeInvis .     b - +1 crossbow
rCold  . . .     Clarity  .     d - +0 leather armour
rNeg   . . .     Conserve .     (no shield)
rPois  .         rCorr    .     (no helmet)
rElec  .         rRot     .     (no cloak)
SustAb . .       Spirit   .     (no gloves)
rMut   .         Warding  .     (no boots)
Saprov + + .     Stasis   .     (no amulet)
MR     .....                    (no ring)
                                m - ring of regeneration

@: not resistant to hostile enchantments, fairly stealthy
A: disease resistance, carnivore 3, saprovore 2
a: no special abilities


You were on level 2 of the Dungeon.
You were completely stuffed.

You visited 1 branch of the dungeon, and saw 3 of its levels.

You collected 92 gold pieces.

Inventory:

Hand weapons
 a - a +0,+0 short sword
 b - a +1,+1 crossbow (weapon)
Missiles
 e - 23 darts (quivered)
Armour
 d - a +0 leather armour (worn)
 s - a +0 ring mail
Comestibles
 f - a meat ration
 l - a sausage
Scrolls
 g - 3 scrolls of fog {unknown}
 h - 2 scrolls of remove curse {unknown}
 k - a scroll of blinking {unknown}
 n - a scroll of immolation {unknown}
 o - a scroll of identify {unknown}
 p - a scroll of enchant weapon II {unknown}
 q - a scroll of magic mapping {unknown}
 w - a scroll of teleportation {unknown}
Jewellery
 m - a ring of regeneration (left hand)
Potions
 i - 3 potions of curing {unknown}
 j - 2 potions of might {unknown}
 v - a potion of degeneration {unknown}


   Skills:
 - Level 1.1 Fighting
 + Level 7.4 Crossbows
 - Level 2.4 Dodging
 - Level 1.3 Stealth


You had 4 spell levels left.
You didn't know any spells.

Dungeon Overview and Level Annotations

Branches:
Dungeon (3/15)

Altars:
Makhleb
Yredelemnul


Innate Abilities, Weirdness & Mutations

You recuperate from illness quickly.
You are small and have problems with some larger weapons.
You are carnivorous and can eat meat at any time.
You can eat rotten meat.


Message History

You shoot a bolt. The bolt hits the gnoll.
The gnoll is moderately wounded.
The gnoll barely misses you.
Firing (i - inventory. (,) - cycle):
c - a bolt (quivered)
Press: ? - help, Shift-Dir - straight line, f/p - gnoll
Aim: a gnoll, wielding a flail (moderately wounded)
You shoot a bolt. The bolt hits the gnoll.
The gnoll is moderately wounded.
The gnoll barely misses you.
Throwing (i - inventory):
e - 25 darts (quivered)
Press: ? - help, Shift-Dir - straight line, f/p - gnoll
Aim: a gnoll, wielding a flail (moderately wounded)
You throw a dart. The dart hits the gnoll.
The gnoll is moderately wounded.
The gnoll barely misses you.
Throwing (i - inventory):
e - 24 darts (quivered)
Press: ? - help, Shift-Dir - straight line, f/p - gnoll
Aim: a gnoll, wielding a flail (moderately wounded)
You throw a dart. The dart misses the gnoll.
The gnoll hits you with a flail!
You die...

.# #..#######)# .# #.##
#.# .# #.# #.#
.########.# #.#
.#.....##.# #.#######
.#.###.##.# #.......#
...# #.##.# #######.#
##.###.##.##
###########.#
#.....#...###..@g(.(>(..#
##............###########
#............#
#..........(.#
###.......%....#
...............#
...............#
###.#..........# #
#.#.........##


You could see a gnoll.

Vanquished Creatures
  An orc wizard (D:2)
  2 gnolls (D:2)
  4 adders (D:2)
  4 giant geckos (D:2)
  An ooze (D:1)
  2 orcs (D:2)
  4 bats
  2 giant cockroaches
  2 goblins (D:1)
  3 hobgoblins (D:2)
  4 jackals (D:1)
  2 giant newts
  3 kobolds (D:1)
  A quokka (D:2)
  4 rats
39 creatures vanquished.

Notes
Turn   | Place    | Note
--------------------------------------------------------------
     0 | D:1      | Psiweapon, the Kobold Hunter, began the quest for the Orb.
     0 | D:1      | Reached XP level 1. HP: 12/12 MP: 1/1
    25 | D:1      | Reached skill level 5 in Crossbows
   148 | D:1      | Reached XP level 2. HP: 16/16 MP: 2/2
   806 | D:2      | Reached XP level 3. HP: 20/20 MP: 3/3
   866 | D:2      | Reached skill level 6 in Crossbows
  1031 | D:2      | Reached XP level 4. HP: 25/25 MP: 4/4
  1355 | D:2      | Found a basalt altar of Yredelemnul.
  1355 | D:2      | Found a burning altar of Makhleb.
  1496 | D:2      | Reached skill level 7 in Crossbows
  1499 | D:2      | Reached XP level 5. HP: 19/29 MP: 5/5
  1575 | D:2      | HP: 1/29 [gnoll/flail (9)]
  1580 | D:2      | Slain by a gnoll

Action                   |  1- 3 |  4- 6 || total
-------------------------+-------+-------++-------
Melee: Short sword       |       |     8 ||     8
 Fire: Crossbow          |    50 |    25 ||    75
Throw: Dart              |       |     2 ||     2
